AoeStats
← 从不压堡之人

Nomad

509566576Analyzed
4v4 RM · 6d ago on Sep 27, 2026· 30m 15s· 8 players
Game mode
Random Map
Map size
231×231
Population
200
Speed
Normal
Resources
Standard
Victory
Conquest
Starting age
Dark Age
Ending age
Imperial Age
RankedLock teamsTeams togetherTeam positionsShared explorationLock speedFull tech treeHidden civsTurbo modeCheats
Victory
Defeat
🇮🇳 Muisca · India
1137
+13
🇲🇽 Khmer · Mexico
1088
+15
🇲🇽 Japanese · Mexico
1088
+15
🇫🇷 Poles · France
1048
+17
1128
-17
🇨🇳 Spanish · China
1081
-16
1030
-13
marcel
14:21 Loom
17:07 Feudal Age
20:13 Double-Bit Axe
20:09 Horse Collar
26:26 Fletching
VL Neyten
7:38 Loom
15:39 Feudal Age
16:44 Fishing Lines
20:08 Castle Age
18:55 Gold Mining
18:52 Double-Bit Axe
18:53 Horse Collar
21:16 Wheelbarrow
20:27 Town Watch
21:56 Bow Saw
21:56 Heavy Plow
22:10 Man-at-Arms
24:33 Long Swordsman
26:24 Pikeman
30:14 Scale Mail Armor
30:25 Forging
[VL]marcowearsprada
10:37 Loom
13:30 Feudal Age
14:18 Double-Bit Axe
14:01 Man-at-Arms
15:35 Forging
25:41 Castle Age
ravish.ratnam
10:29 Loom
12:53 Feudal Age
14:58 Fletching
23:47 Castle Age
22:35 Padded Archer Armor
23:11 Double-Bit Axe
24:23 Crossbowman
26:11 Ballistics
洗心革面重新做人TownYan
10:38 Loom
13:31 Feudal Age
14:36 Double-Bit Axe
14:41 Gold Mining
18:01 Town Watch
18:52 Wheelbarrow
19:20 Fishing Lines
22:05 Castle Age
24:03 Gillnets
27:13 Imperial Age
25:04 Guard Tower
24:55 Treadmill Crane
26:55 Ballistics
26:27 Fletching
27:17 Bodkin Arrow
27:42 Stone Mining
30:01 Bracer
从不压堡之人
4:29 Loom
14:45 Feudal Age
15:19 Double-Bit Axe
15:38 Fishing Lines
19:02 Castle Age
18:32 Fletching
25:02 Wheelbarrow
25:25 Bow Saw
25:39 Bodkin Arrow
26:57 Town Watch
27:27 Hand Cart
27:46 Stone Mining
28:12 Caravan
29:35 Gillnets
泰拉之花.群山俯首
5:34 Loom
12:49 Feudal Age
14:16 Double-Bit Axe
18:48 Castle Age
17:07 Padded Archer Armor
17:12 Horse Collar
18:29 Fishing Lines
21:55 Heavy Plow
22:08 Bow Saw
25:51 Fletching
27:17 Wheelbarrow
26:36 Gold Mining
27:16 Squires
27:27 Bodkin Arrow
28:10 Ballistics
28:30 Elite Skirmisher
29:36 Hand Cart
32:54 Imperial Age
我说狂阿七比肥龙强,B站关注狂阿七谢谢喵
13:44 Feudal Age
17:33 Castle Age
15:38 Loom
16:35 Scale Mail Armor
18:30 Fishing Lines
19:08 Fletching
23:53 Scale Barding Armor
26:36 Chain Barding Armor
28:30 Double-Bit Axe
29:22 Wheelbarrow
28:40 Gold Mining
29:38 Gillnets
Connection lost

Rejoining the realm…

Still unreachable

The connection could not be restored.

Session expired

The server has moved on; the page needs a fresh start.